 Dungeon Crawl Stone Soup version 0.22.1-5-g62c59d9 (webtiles) character file.

145 LorJSR the Ducker (level 5, -2/52 HPs)
             Began as a Troll Fighter on Jan 9, 2019.
             Slain by an ogre
             ... wielding a +0 giant club
              (13 damage)
             ... on level 3 of the Dungeon.
             The game lasted 00:11:57 (2088 turns).

LorJSR the Ducker (Troll Fighter)                   Turns: 2088, Time: 00:11:58

Health: -2/52      AC:  5    Str: 30    XL:     5   Next: 6%
Magic:  4/4        EV:  8    Int:  4    God:
Gold:   83         SH:  9    Dex:  9    Spells: 4/4 levels left

rFire    . . .     SeeInvis .   a - +0 flail
rCold    . . .     Gourm    +   c - +0 shield
rNeg     . . .     Faith    .   g - +0 robe
rPois    .         Spirit   .   (helmet restricted)
rElec    .         Reflect  .   (no cloak)
rCorr    .         Harm     .   (gloves unavailable)
MR       .....                  (boots unavailable)
Stlth    +.........             (no amulet)
HPRegen  0.57/turn              (no ring)
MPRegen  0.09/turn              (no ring)

@: mighty, drained
A: large, unfitting armour, claws 3, fast metabolism 3, gourmand, regeneration
1, shaggy fur 1, tough skin 2
a: no special abilities


You were on level 3 of the Dungeon.
You were full.

You visited 1 branch of the dungeon, and saw 4 of its levels.

You collected 83 gold pieces.

Inventory:

Hand Weapons
 a - a +0 flail (weapon)
 j - a +0 club
Missiles
 e - 86 stones (quivered)
 k - 13 poisoned needles
Armour
 b - a +0 robe
 c - a +0 shield (worn)
 g - a +0 robe (worn)
 n - a +0 leather armour
Jewellery
 i - a +5 ring of dexterity {unknown}
Scrolls
 d - a scroll of fear {unknown}
 h - 2 scrolls of blinking {unknown}
 l - a scroll of teleportation {unknown}
 m - 3 scrolls of remove curse {unknown}
 o - a scroll of amnesia {unknown}
Potions
 q - a potion of degeneration {unknown}
 s - a potion of heal wounds {unknown}
Comestibles
 f - 7 rations


   Skills:
 + Level 2.9(2.2) Fighting
 + Level 3.1(2.4) Maces & Flails
 + Level 3.2(2.5) Dodging
 + Level 0.2(0.0) Stealth
 + Level 3.0(2.3) Shields


You had 4 spell levels left.
You didn't know any spells.
Your spell library was empty.

Dungeon Overview and Level Annotations

Branches:
Dungeon (4/15)
 Temple: D:4-7

Altars:

Annotations:
D:3 2 transporters, Edmund; Ijyb; Krapule's ghost, amateur BaFi


Innate Abilities, Weirdness & Mutations

You are too large for most types of armour.
You have claws for hands.
Your metabolism is lightning-fast.
You like to eat raw meat.
Your natural rate of healing is unusually fast.
You are covered in fur. (AC +1)
You have very tough skin. (AC +2)


Message History

You block the quokka's attack. You block Edmund's attack.
The orc closely misses you. The ogre hits you with a giant club!!
You block Ijyb's attack. The quokka bites you.
* * * LOW HITPOINT WARNING * * *
You block Ijyb's attack. You block the orc's attack.
Edmund hits you with a flail of draining.
* * * LOW HITPOINT WARNING * * *
You feel drained. The ogre closely misses you. The quokka barely misses you.
You climb upwards.
Level annotation: 2 transporters, Krapule's ghost, amateur BaFi
There is a stone staircase leading down here.
You hit Ijyb.
Ijyb is heavily wounded.
You block the quokka's attack. Ijyb hits you with a club.
* * * LOW HITPOINT WARNING * * *
You block the orc's attack.
Edmund hits you with a flail of draining.
* * * LOW HITPOINT WARNING * * *
You feel drained. The ogre hits you with a giant club!
You die...

#.........# #.#######.# #### #.#
#.# ###### #... #.# #.# #<##.#
#... #.# #.# #.##.#########...
#.# #.# #.#..............
##.#######.####.#..#########...
#............##r#..#########...
###..#######...o@@..........#####
.....# ###.#gO#..######..#...
###.##########.#..#..# ##.#...
#.# #...........#..# #.#... #.#
#..##.......#..#######..... #.#
#..##.##................... #.#
#..#......#.#..###...#..... #.#
#..#........#[.###...#.#... #.#
#..#.......................


You could see Edmund, an ogre, Ijyb, an orc and a quokka.

Vanquished Creatures
  A phantom (D:3)
  2 adders (D:2)
  An ooze (D:3)
  A dart slug (D:2)
  2 leopard geckos
  An orc (D:2)
  3 giant cockroaches
  5 goblins
  3 hobgoblins
  3 jackals (D:3)
  A kobold (D:2)
  A quokka (D:3)
  3 ball pythons
  A bat (D:3)
  A rat (D:1)
29 creatures vanquished.

Notes
Turn   | Place    | Note
-------+----------+-------------------------------------------
     0 | D:1      | LorJSR the Troll Fighter began the quest for the Orb.
     0 | D:1      | Reached XP level 1. HP: 22/22 MP: 0/0
   138 | D:1      | Reached XP level 2. HP: 28/29 MP: 1/1
   445 | D:2      | Reached XP level 3. HP: 28/36 MP: 2/2
  1082 | D:3      | Found a transporter.
  1093 | D:3      | Noticed an orc warrior
  1097 | D:3      | Noticed Krapule's ghost (amateur BaFi)
  1106 | D:3      | Found a transporter.
  1968 | D:4      | Noticed Ijyb
  1968 | D:4      | Noticed a phantom
  2049 | D:3      | Killed a phantom
  2049 | D:3      | Reached XP level 4. HP: 22/44 MP: 3/3
  2049 | D:3      | Reached XP level 5. HP: 26/52 MP: 4/4
  2082 | D:4      | Noticed Edmund
  2082 | D:4      | Noticed an ogre
  2088 | D:3      | Slain by an ogre

Skill      XL: |  1  2  3 |
---------------+----------+-----
Maces & Flails | 2 3 |  3.1
Dodging        | 3 |  3.2
Shields        | 3 |  3.0
Fighting       | |  2.9
Stealth        | |  0.2

Action                   |  1- 3 |  4- 6 || total
-------------------------+-------+-------++-------
Melee: Flail             |   121 |     4 ||   125
Throw: Stone             |     2 |       ||     2
  Use: Potion            |     3 |       ||     3
  Eat: Chunk             |    22 |       ||    22
Armor: Robe              |    45 |     1 ||    46
Dodge: Dodged            |    46 |     8 ||    54
Block: Shield            |    52 |     8 ||    60
